 Dungeon Crawl Stone Soup version 0.20.1-1-g8b1a95d (webtiles) character file.

303 polve the Chiller (level 6, 0/44 HPs)
             Began as a Merfolk Ice Elementalist on July 21, 2017.
             Slain by Menkaure (4 damage)
             ... on level 4 of the Dungeon.
             The game lasted 00:04:04 (3982 turns).

polve the Chiller (Merfolk Ice Elementalist)        Turns: 3982, Time: 00:04:05

Health: 0/44       AC:  4    Str:  9    XL:     6   Next: 38%
Magic:  9/9        EV: 12    Int: 16    God:
Gold:   110        SH:  0    Dex: 14    Spells: 5/9 levels left

rFire    . . .     SeeInvis .   p - +0 spear (curse)
rCold    . . .     Gourm    .   (no shield)
rNeg     . . .     Faith    .   r - +0 leather armour
rPois    .         Spirit   .   (no helmet)
rElec    .         Reflect  .   (no cloak)
rCorr    .         Harm     .   o - +0 pair of gloves (curse)
MR       .....                  (no boots)
Stlth    ++........             (no amulet)
Regen    0.2/turn               (no ring)
MPRegen  0.2/turn               (no ring)

@: very slightly contaminated, invisible
A: change form in water, swift swim, stealthy swim
a: no special abilities


You were on level 4 of the Dungeon.
You were not hungry.

You visited 1 branch of the dungeon, and saw 4 of its levels.

You collected 110 gold pieces.

Inventory:

Hand Weapons
 p - a cursed +0 spear (weapon)
Armour
 e - a cursed +0 robe
 o - a cursed +0 pair of gloves (worn)
 r - a +0 leather armour (worn)
Scrolls
 a - 2 scrolls of remove curse {unknown}
 d - a scroll of enchant armour {unknown}
 g - 2 scrolls of amnesia {unknown}
 h - a scroll of random uselessness {unknown}
 i - 4 scrolls of identify {unknown}
 m - a scroll of enchant weapon {unknown}
Books
 b - a book of Frost

   Spells                             Type                      Level
   a - Freeze                         Ice                          1
   b - Throw Frost                    Conjuration/Ice              2
   c - Ozocubu's Armour               Charms/Ice                   3
   d - Throw Icicle                   Conjuration/Ice              4
   e - Summon Ice Beast               Ice/Summoning                4
Comestibles
 c - 3 bread rations
 f - a chunk of flesh
 l - 7 fruits
 n - 2 meat rations


   Skills:
 - Level 2.0 Fighting
 + Level 3.5 Polearms
 - Level 2.6 Dodging
 - Level 2.1 Stealth
 - Level 2.0 Spellcasting
   Level 0.7 Conjurations
 + Level 2.5 Charms
 + Level 5.9 Ice Magic


You had 5 spell levels left.
You knew the following spells:

 Your Spells              Type           Power        Failure   Level  Hunger
a - Freeze                Ice            ###.         2%          1    #......
b - Ozocubu's Armour      Chrm/Ice       ###.....     16%         3    ###....


Dungeon Overview and Level Annotations

Branches:
Dungeon (4/15)
 Temple: D:4-7

Altars:
Makhleb
Xom

Annotations:
D:4 Menkaure


Message History

Menkaure hits you but does no damage.
Menkaure calls on the powers of darkness!
Your body is wracked with pain!
Found a scroll labeled POFYDANG ERYHOWN.
It was a potion of invisibility.
You fade into invisibility!
You are very lightly contaminated with residual magic.
You're too confused to cast spells.
You're too confused to cast spells.
You're too confused to move!
You feel less invigorated.
You feel less confused.
Menkaure points at you and mumbles some strange words.
Pain shoots through your body! Menkaure hits you!!
* * * LOW HITPOINT WARNING * * *
Some of the chunks of flesh in your inventory have rotted away.
Menkaure points at you and mumbles some strange words.
You barely resist.
There is a stone staircase leading up here.
Menkaure hits you.
You die...

## #.
####.############
?.......#.......#
#.......#.....#
#.......#.....#
#.......#.....#
#.......#.#.M@#
#....?..#.#...#
#.......#.#...#
#######$#.#...#
#.#.#...#
#.......#
###.##..# ......#
#.#...#


You could see Menkaure.

Vanquished Creatures
  The ghost of polve the Chiller, an amateur MfIE of Yredelemnul (D:3)
  A scorpion (D:3)
  2 worker ants (D:3)
  An adder (D:3)
  2 oozes
  2 worms
  A dart slug (D:1)
  4 leopard geckos
  2 ball pythons (D:1)
  3 giant cockroaches
  6 goblins
  7 hobgoblins
  3 jackals
  9 kobolds
  5 bats
  7 frilled lizards
  10 rats
66 creatures vanquished.

Notes
Turn   | Place    | Note
-------+----------+-------------------------------------------
     0 | D:1      | polve the Merfolk Ice Elementalist began the quest for the Orb.
     0 | D:1      | Reached XP level 1. HP: 13/13 MP: 3/3
   284 | D:1      | Reached XP level 2. HP: 18/19 MP: 3/5
   288 | D:1      | Reached skill level 4 in Ice Magic
   839 | D:1      | Reached XP level 3. HP: 23/24 MP: 1/6
  1804 | D:2      | Reached skill level 5 in Ice Magic
  1809 | D:2      | Learned a level 3 spell: Ozocubu's Armour
  2365 | D:3      | Reached XP level 4. HP: 30/30 MP: 7/7
  2421 | D:3      | Reached skill level 1 in Fighting
  2421 | D:3      | Reached skill level 1 in Polearms
  2421 | D:3      | Reached skill level 1 in Charms
  2430 | D:3      | Noticed polve's ghost (amateur MfIE)
  2709 | D:3      | Killed polve's ghost
  2709 | D:3      | Reached XP level 5. HP: 21/38 MP: 0/8
  2709 | D:3      | Reached XP level 6. HP: 24/44 MP: 0/9
  3714 | D:3      | Found a shimmering altar of Xom.
  3728 | D:3      | Found a burning altar of Makhleb.
  3963 | D:4      | Noticed Menkaure
  3982 | D:4      | Slain by Menkaure

Skill      XL: |  1  2  3  4  5  6 |
---------------+-------------------+-----
Ice Magic      | 4 5 |  5.9
Fighting       | 2 |  2.0
Polearms       | 2 3 |  3.5
Charms         | 2 |  2.5
Dodging        | |  2.6
Stealth        | |  2.1
Spellcasting   | |  2.0
Conjurations   | |  0.7

Action                   |  1- 3 |  4- 6 || total
-------------------------+-------+-------++-------
Melee: Unarmed           |    40 |       ||    40
       Spear             |    45 |    67 ||   112
 Cast: Freeze            |    47 |    40 ||    87
  Use: Potion            |       |    10 ||    10
 Stab: Sleeping          |     3 |     3 ||     6
  Eat: Chunk             |     5 |     6 ||    11
Armor: Robe              |    17 |       ||    17
       Leather armour    |     1 |    12 ||    13
Dodge: Dodged            |    63 |    36 ||    99
